 Dungeon Crawl Stone Soup version 0.15.2 (webtiles) character file.

64 Psiweapon the Sneak (level 4, -6/24 HPs)
             Began as a Kobold Enchanter on Oct 24, 2014.
             Killed from afar by Ijyb (12 damage)
             ... with a wand of flame
             ... on Level 2 of the Dungeon.
             The game lasted 00:17:29 (2221 turns).

Psiweapon the Sneak (Kobold Enchanter)              Turns: 2221, Time: 00:17:29

HP  -6/24        AC  3     Str  6      XL: 4   Next: 32%
MP   0/7         EV 15     Int 14      God:
Gold 99          SH  0     Dex 16      Spells:  3 memorised,  1 level left

rFire  . . .     SeeInvis .     j - +0 short sword (curse)
rCold  . . .     Clarity  .     b - +1 robe
rNeg   . . .     rCorr    .     (no shield)
rPois  .         rRot     .     (no helmet)
rElec  .         Spirit   .     (no cloak)
SustAb .         Warding  .     (no gloves)
rMut   .         Stasis   .     (no boots)
Gourm  .                        (no amulet)
MR     .....                    (no ring)
                                (no ring)

@: not resistant to hostile enchantments, fairly stealthy
A: carnivore 3
a: no special abilities


You were on level 2 of the Dungeon.
You were completely stuffed.

You visited 1 branch of the dungeon, and saw 2 of its levels.

You collected 99 gold pieces.

Inventory:

Hand weapons
 a - a +1 dagger
 j - a cursed +0 short sword (weapon)
 k - a +0 hand axe
 l - a +0 mace
 m - a +0 dagger
 o - a +0 short sword
 p - a +0 club
 q - a +0 club
 r - a +0 club
 s - a +0 club
 t - a +0 dagger
 u - a +0 dagger
 w - a +0 club
 y - a +0 club
 z - a +0 club
 A - a +0 dagger
 B - a +0 dagger
 F - a +0 short sword
 I - a +0 dagger
 J - a +0 hunting sling
Missiles
 e - 28 poisoned needles
 h - 53 stones (quivered)
Armour
 b - a +1 robe (worn)
 g - a +0 leather armour
Comestibles
 d - a meat ration
 D - a chunk of goblin flesh
 G - a rotting chunk of jackal flesh
 H - a rotting chunk of rat flesh
 K - 2 chunks of goblin flesh
 L - 2 chunks of jackal flesh
Scrolls
 n - a scroll of fog {unknown}
 v - 2 scrolls of identify {unknown}
 x - a scroll of teleportation {unknown}
 C - a scroll of remove curse {unknown}
Potions
 f - 2 potions of brilliance {unknown}
 i - a potion of haste {unknown}
Books
 c - a book of Maledictions

   Spells                             Type                      Level
   *Corona                            Hexes                        1
   Sure Blade                         Hexes/Charms                 2
   *Ensorcelled Hibernation           Hexes/Ice                    2
   *Confuse                           Hexes                        3
   Dazzling Spray                     Conjuration/Hexes            3
   Enslavement                        Hexes                        4


   Skills:
 + Level 2.5 Short Blades
 - Level 2.4 Dodging
 - Level 5.3 Stealth
 - Level 2.0 Spellcasting
 + Level 3.8 Hexes


You had one spell level left.
You knew the following spells:

 Your Spells              Type           Power        Failure   Level  Hunger
a - Corona                Hex            ##.....      6%          1    ##.....
b - Ensorcelled Hibernat  Hex/Ice        #.....       21%         2    ###....
c - Confuse               Hex            ##......     17%         3    ####...


Dungeon Overview and Level Annotations

Branches:
Dungeon (2/15)

Altars:
Kikubaaqudgha

Annotations:
D:2 Ijyb


Innate Abilities, Weirdness & Mutations

You are small and have problems with some larger weapons.
You are carnivorous and can eat meat at any time.


Message History

You hit Ijyb but do no damage. The goblin misses you.
You closely miss the goblin.
The goblin is heavily wounded.
The goblin hits you but does no damage.
Ijyb hits the goblin with a dagger.
The goblin hits you with a club.
You smell decay.
Yuck! (slots G and H)
The goblin hits you.
* * * LOW HITPOINT WARNING * * *
Casting: Confuse
Confirm with . or Enter, or press ? or * to list all spells.
Aiming: Ensorcelled Hibernation
Press: ? - help, Shift-Dir - straight line, f/p - Ijyb
Aim: Ijyb, wielding a dagger and carrying a wand of flame {zapped: 1} (bewildered and confused)
The goblin looks drowsy...
Ijyb zaps a wand.
The helpless goblin fails to defend itself.
You slice the goblin!!
You kill the goblin!
Ijyb zaps a wand.
The puff of flame hits you!
Ouch! That really hurt!
You die...

#################
#......#...#..≈≈##
#......'...').≈≈≈#
#.g.@..#...#..≈≈≈##
#'g##..#########≈≈#
#...#..........#≈≈##
#...#..........'...#
#...#.........%'...#
#..g#.........%'...#
#...#..........#≈≈(#
#...#..#########≈≈(#
#...#..#...#..≈≈≈#.#


You could see Ijyb (confused) and a goblin.

Vanquished Creatures
  An ooze (D:2)
  8 bats
  8 hobgoblins
  3 jackals (D:2)
  2 kobolds
  3 quokkas (D:2)
  5 giant cockroaches
  2 giant newts (D:2)
  15 goblins
  8 rats
55 creatures vanquished.

Notes
Turn   | Place    | Note
--------------------------------------------------------------
     0 | D:1      | Psiweapon, the Kobold Enchanter, began the quest for the Orb.
     0 | D:1      | Reached XP level 1. HP: 10/10 MP: 3/3
   429 | D:1      | Reached XP level 2. HP: 15/15 MP: 2/4
   826 | D:1      | Learned a level 2 spell: Ensorcelled Hibernation
   995 | D:1      | Reached XP level 3. HP: 19/19 MP: 6/6
  1274 | D:2      | Reached skill level 5 in Stealth
  1388 | D:2      | Found an ancient bone altar of Kikubaaqudgha.
  1780 | D:2      | Reached XP level 4. HP: 16/24 MP: 0/7
  2058 | D:2      | Learned a level 3 spell: Confuse
  2176 | D:2      | Noticed Ijyb
  2221 | D:2      | Killed from afar by Ijyb

Action                   |  1- 3 |  4- 6 || total
-------------------------+-------+-------++-------
Melee: Dagger            |    99 |    16 ||   115
       Short sword       |       |    27 ||    27
Throw: Stone             |     2 |       ||     2
 Cast: Corona            |    12 |       ||    12
       Ensorcelled Hiber |    10 |     5 ||    15
       Confuse           |       |     3 ||     3
 Stab: Sleeping          |    15 |     8 ||    23
       Distracted        |     1 |       ||     1
  Eat: Chunk             |    12 |     2 ||    14
